 Dungeon Crawl Stone Soup version 0.22-a0-445-g8c8ef71 (webtiles) character file.

54725 raistware the Thaumaturge (level 14, -5/85 HPs)
             Began as a Mummy Wizard on May 28, 2018.
             Was a High Priest of Sif Muna.
             Slain by a black mamba (16 damage)
             ... on level 6 of the Lair of Beasts on June 2, 2018.
             The game lasted 02:58:28 (35943 turns).

raistware the Thaumaturge (Mummy Wizard)           Turns: 35943, Time: 02:58:29

Health: -5/85      AC:  7    Str: 10    XL:     14   Next: 35%
Magic:  26/30      EV: 19    Int: 21    God:    Sif Muna [*****.]
Gold:   683        SH:  0    Dex: 12    Spells: 6/38 levels left

rFire    . . .     SeeInvis .   I - +2 trident "Taxzuf" {flame, rC+ rN+}
rCold    + + .     Gourm    .   (no shield)
rNeg     + + +     Faith    .   d - +2 robe {rF+}
rPois    ∞         Spirit   .   n - +0 helmet
rElec    .         Reflect  .   (no cloak)
rCorr    .         Harm     .   M - +1 pair of gloves
MR       +....                  (no boots)
Stlth    ++........             (no amulet)
HPRegen  0.24/turn              s - ring of wizardry
MPRegen  0.22/turn              w - +6 ring of evasion

@: no status effects
A: no food or potions, fire vulnerability, cold resistance 1, negative energy
resistance 3, torment resistance, unbreathing, in touch with death 1
a: Divine Energy, Channel Magic, Forget Spell, Renounce Religion


You were on level 6 of the Lair of Beasts.
You worshipped Sif Muna.
Sif Muna was extremely pleased with you.
You were not hungry.

You visited 4 branches of the dungeon, and saw 21 of its levels.
You also visited: Volcano.

You collected 2303 gold pieces.
You spent 1620 gold pieces at shops.

Inventory:

Hand Weapons
 u - the +6 mace "Qeluwehi" {crush, rElec rC+}
   (You found it on level 11 of the Dungeon)

   It inflicts extra damage upon your enemies.
   It protects you from cold.
   It insulates you from electricity.
 G - a +1 blowgun
 I - the +2 trident "Taxzuf" (weapon) {flame, rC+ rN+}
   (You found it on level 9 of the Dungeon)

   It has been specially enchanted to burn those struck by it, causing extra
   injury to most foes and up to half again as much damage against particularly
   susceptible opponents.
   It protects you from cold.
   It protects you from negative energy.
Missiles
 g - 3 javelins
 m - 3 curare-tipped needles
 r - 115 poisoned needles
 x - 6 javelins of returning
 H - 2 poisoned tomahawks (quivered)
Armour
 d - a +2 robe of fire resistance (worn)
 n - a +0 helmet (worn)
 p - a +1 buckler
 E - the +2 scale mail of Reason {-Tele +Fly SInv}
   (You found it on level 7 of the Dungeon)

   It lets you see invisible.
   It lets you fly.
   It prevents most forms of teleportation.
 M - a +1 pair of gloves (worn)
 O - a +1 robe of cold resistance
 P - a +2 robe of magic resistance
 S - the +7 chain mail "Itoora" {*Slow MR++ Int+6}
   (You bought it in a shop on level 2 of the Orcish Mines)

   It affects your intelligence (+6).
   It affects your resistance to hostile enchantments.
   It may slow you when you take damage.
Magical Staves
 F - a cursed staff of air
 J - an uncursed staff of earth
Jewellery
 s - a ring of wizardry (left hand)
 v - an uncursed ring of see invisible
 w - a +6 ring of evasion (right hand)
Wands
 c - a wand of polymorph (39)
 o - a wand of digging (38)
 t - a wand of flame (6)
 y - a wand of paralysis (26)
 B - a wand of random effects (40)
 C - a wand of disintegration (4)
 K - a wand of acid (17)
Scrolls
 e - 8 scrolls of teleportation
 f - 4 scrolls of enchant weapon
 h - 2 scrolls of enchant armour
 i - 11 scrolls of remove curse
 j - 3 scrolls of identify
 k - a scroll of immolation
 l - 2 scrolls of amnesia
 q - a scroll of magic mapping
 z - 4 scrolls of holy word
 D - a scroll of fog
 N - a scroll of silence
Miscellaneous
 L - a phantom mirror


   Skills:
 + Level 1.2 Armour
 + Level 2.7 Dodging
 - Level 2.0 Stealth
 + Level 1.2 Shields
 + Level 12.6 Spellcasting
 * Level 12.3 Conjurations
 - Level 4.0 Hexes
 - Level 1.0 Charms
 - Level 1.0 Summonings
 - Level 1.0 Translocations
 * Level 12.1 Fire Magic
 - Level 6.9 Ice Magic
 - Level 2.0 Air Magic
 - Level 1.0 Poison Magic


You had 6 spell levels left.
You knew the following spells:

 Your Spells              Type           Power        Failure   Level  Hunger
a - Magic Dart            Conj           ####         1%          1    N/A
b - Blink                 Tloc           N/A          1%          2    N/A
c - Call Imp              Summ           ###.....     1%          2    N/A
d - Conjure Flame         Conj/Fire      ######..     1%          3    N/A
e - Mephitic Cloud        Conj/Pois/Air  ####....     1%          3    N/A
f - Swiftness             Chrm/Air       ###.....     1%          2    N/A
g - Bolt of Fire          Conj/Fire      ######....   1%          6    N/A
h - Freezing Cloud        Conj/Ice/Air   #####.....   16%         6    N/A
i - Sticky Flame          Conj/Fire      ######..     1%          4    N/A
j - Confuse               Hex            ####....     1%          3    N/A

Your spell library contained the following spells:

 Spells                   Type           Power        Failure   Level  Hunger
 Cause Fear               Hex            ####......   4%          4    N/A
 Fireball                 Conj/Fire      ######....   1%          5    N/A
 Bolt of Cold             Conj/Ice       ######....   6%          6    N/A
 Bolt of Magma            Conj/Fire/Erth #####.....   1%          5    N/A
 Slow                     Hex            ####....     1%          2    N/A
 Invisibility             Hex            ####....     50%         6    N/A
 Throw Flame              Conj/Fire      ######       1%          2    N/A
 Throw Frost              Conj/Ice       ######       1%          2    N/A
 Bolt of Draining         Conj/Necr      ######....   4%          5    N/A
 Fire Storm               Conj/Fire      ######....   100%        9    N/A
 Freeze                   Ice            ####         1%          1    N/A
 Ozocubu's Armour         Chrm/Ice       ####....     1%          3    N/A
 Regeneration             Chrm/Necr      ###.......   4%          3    N/A
 Iron Shot                Conj/Erth      #####.....   24%         6    N/A
 Shock                    Conj/Air       ####         1%          1    N/A
 Statue Form              Tmut/Erth      ##.......    95%         6    N/A
 Dragon Form              Tmut           ##........   100%        7    N/A
 Deflect Missiles         Chrm/Air       ###.......   82%         6    N/A
 Glaciate                 Conj/Ice       ######....   100%        9    N/A
 Confusing Touch          Hex            ####..       1%          1    N/A
 Flame Tongue             Conj/Fire      #####        1%          1    N/A
 Silence                  Hex/Air        ####......   16%         5    N/A
 Static Discharge         Conj/Air       #####...     1%          3    N/A
 Simulacrum               Ice/Necr       #####.....   56%         6    N/A
 Shroud of Golubria       Chrm/Tloc      ###.......   1%          2    N/A
 Inner Flame              Hex/Fire       #####...     1%          3    N/A
 Fulminant Prism          Conj/Hex       #####.....   1%          4    N/A
 Dazzling Spray           Conj/Hex       #####.       1%          3    N/A
 Force Lance              Conj/Tloc      #####...     1%          4    N/A
 Infusion                 Chrm           ###.         1%          1    N/A
 Song of Slaying          Chrm           ###.....     1%          2    N/A
 Spectral Weapon          Hex/Chrm       ###.....     2%          3    N/A
 Discord                  Hex            ####......   100%        8    N/A
 Summon Guardian Golem    Hex/Summ       ###.....     2%          3    N/A
 Hydra Form               Tmut           ##........   95%         6    N/A
 Irradiate                Conj/Tmut      #####.....   4%          5    N/A
 Yara's Violent Unravell  Hex/Tmut       ###.......   24%         5    N/A

Dungeon Overview and Level Annotations

Branches:
Dungeon (12/15)            Temple (1/1) D:5            Lair (6/6) D:11
  Swamp (0/4) Lair:4        Snake (0/4) Lair:4        Slime (0/5) Lair:6
    Orc (2/2) D:10            Elf (0/3) Orc:2

Altars:
Ashenzari
Cheibriados
Dithmenos
Elyvilon
Fedhas
Gozag
Hepliaklqana
Kikubaaqudgha
Makhleb
Nemelex Xobeh
Okawaru
Qazlal
Ru
Sif Muna
Trog
Uskayaw
Vehumet
Wu Jian
Xom
Yredelemnul
Zin
The Shining One
Beogh

Shops:
D:7 %   Orc:2 :*}*?

Annotations:
D:12 Nessos
Lair:2 exclusion: oklob plant
Lair:6 1 exclusion, Rupert


Innate Abilities, Weirdness & Mutations

You do not eat or drink.
Your flesh is vulnerable to fire.
You are immune to poison.
Your flesh is cold resistant. (rC+)
You are immune to negative energy. (rN+++)
You are immune to unholy pain and torment.
You can survive without breathing.
You are in touch with the powers of death.


Message History

Orders for allies: a - Attack new target. r - Retreat! s - Stop attacking. g - Guard the area. f - Follow me.
Anything else - Cancel.
Okay, then.
As you read the scroll of torment, it crumbles to dust.
You feel a surge of unholy energy.
The black mamba convulses!
The spiny frog convulses!
The guardian serpent convulses!
The water moccasin convulses!
The wolf spider convulses!
The black mamba bites you!
* * * LOW HITPOINT WARNING * * *
The guardian serpent casts a spell at you.
The bolt of poison misses the black mamba.
The bolt of poison hits you! You resist. The black mamba bites you.
* * * LOW HITPOINT WARNING * * *
The spiny frog closely misses you.
Something hits the plant.
Something bites the plant but does no damage. x2
The black mamba bites you!
You die...

,,,,,*****,,,,**###....P#........
,,,,,,,**,,,,,,*#..........#.....
,,,,,,,**,,,,,,*#................
,,,,,***,,,,,,**###............<(
,,,***,,,,*,,###.(###..P.........
,***,,,**,*,,#......###........÷.
**,,,,**,,*,,#(.##....###........
,,,,,**,,**,,##..##.....#........
,,,,**,,,*,,,,#.@.##.......P.....
,,,**,,,**,,,,##S..##............
,,##...,*,,,,,,#.F..##.÷.........
,*#....**,,,,,,##S...##..........
,##....*,,,,,,,,#....##........P.
,#PPPP.#*,****,##sPP.............
,P..#.PP########.PP.....#....##..
,PPP..P.........S.........#.##*##
,P.P...............###...#.## *


You could see a wolf spider, a guardian serpent, a black mamba and a spiny frog.

Vanquished Creatures
  An orc warlord (Orc:2)
  The ghost of Pawles22 the Brawler, a journeyman MiMo (Lair:3)
  2 ogre magi (Orc:2)
  3 hydras
  A death knight (D:11)
  9 two-headed ogres (Orc:2)
  Urug (Lair:2)
  Nergalle (Lair:4)
  2 unseen horrors
  2 deep trolls
  Pikel (D:5)
  3 orc knights
  2 cyclopes (Orc:2)
  An orc sorcerer (Orc:1)
  Joseph (D:9)
  2 black mambas
  An ice statue (D:8)
  9 spiny frogs
  A gargoyle (D:11)
  2 rime drakes
  6 komodo dragons
  10 trolls
  3 polar bears
  A hornet (Lair:6)
  4 blink frogs
  4 dream sheep (Lair:6)
  6 hippogriffs
  Sigmund (D:3)
  A shadow (D:12)
  2 spriggans (Lair:4)
  A vampire (D:11)
  6 wyverns
  A redback (Lair:6)
  34 yaks
  A wraith (D:12)
  2 hungry ghosts
  A basilisk (Lair:6)
  2 steam dragons
  4 wargs
  3 nagas (Lair:4)
  Duvessa (D:7)
  19 water moccasins
  13 porcupines
  28 orc warriors
  2 sky beasts
  A black bear (Lair:4)
  26 ogres
  2 necrophages
  2 phantoms
  23 wolves
  10 centaurs
  11 crocodiles
  A big kobold (D:8)
  Blork the orc (D:6)
  9 bullfrogs
  A wyvern zombie (D:12)
  Dowan (D:7)
  5 scorpions
  14 killer bees
  6 wights
  A howler monkey (D:4)
  3 electric eels
  2 centaur zombies
  7 crimson imps
  3 bullfrog skeletons
  A bullfrog zombie (D:7)
  2 hounds
  3 jellies
  20 orc wizards
  A centaur skeleton (D:6)
  22 orc priests
  9 worker ants
  Ijyb (D:3)
  5 iguanas
  A hound zombie (D:8)
  17 adders
  A shadow imp (D:12)
  2 oozes
  An adder skeleton (D:5)
  A worm (D:3)
  A dart slug (D:3)
  5 leopard geckos
  87 orcs
  16 bats
  7 giant cockroaches
  8 hobgoblins
  3 jackals (D:9)
  9 kobolds
  7 quokkas
  2 ball pythons
  4 frilled lizards
  4 goblins
  A jackal skeleton (D:9)
  A leopard gecko skeleton (D:5)
  A quokka skeleton (D:6)
  6 rats
  6 plants
586 creatures vanquished.

Vanquished Creatures (collateral kills)
  Grinder (D:6)
  A phantom (D:4)
  A scorpion (D:6)
  A killer bee (D:7)
  A howler monkey (D:4)
  A crimson imp (D:7)
  3 worms
9 creatures vanquished.

Vanquished Creatures (others)
  A slave (D:8)
  2 scorpions
  A jelly (D:6)
  An iguana (D:7)
  An adder (D:6)
  15 fungi
  11 plants
32 creatures vanquished.

Grand Total: 627 creatures vanquished

Notes
Turn   | Place    | Note
-------+----------+-------------------------------------------
     0 | D:1      | raistware the Mummy Wizard began the quest for the Orb.
     0 | D:1      | Reached XP level 1. HP: 13/13 MP: 5/5
    29 | D:1      | Reached skill level 1 in Conjurations
   368 | D:1      | Reached XP level 2. HP: 19/19 MP: 5/7
   372 | D:1      | Learned a level 2 spell: Blink
   375 | D:1      | Learned a level 2 spell: Call Imp
  1125 | D:1      | Reached skill level 1 in Summonings
  1314 | D:1      | Reached skill level 1 in Translocations
  1406 | D:2      | Reached XP level 3. HP: 24/24 MP: 3/8
  1411 | D:2      | Learned a level 3 spell: Conjure Flame
  1908 | D:2      | Found a glowing golden altar of the Shining One.
  2058 | D:2      | Noticed a dagger
  2058 | D:2      | Noticed a dagger
  2059 | D:2      | Found a hide-covered altar of Uskayaw.
  2089 | D:2      | Reached XP level 4. HP: 30/30 MP: 4/10
  2094 | D:2      | Learned a level 3 spell: Mephitic Cloud
  2697 | D:3      | Found a deep blue altar of Sif Muna.
  2705 | D:3      | Became a worshipper of Sif Muna the Loreminder
  2795 | D:3      | Noticed Sigmund
  2796 | D:3      | Reached skill level 1 in Fire Magic
  3049 | D:3      | Noticed Ijyb
  3194 | D:3      | Killed Ijyb
  3607 | D:3      | Killed Sigmund
  3607 | D:3      | Reached skill level 5 in Spellcasting
  3607 | D:3      | Reached skill level 1 in Air Magic
  3607 | D:3      | Reached XP level 5. HP: 20/35 MP: 1/12
  3607 | D:3      | Reached XP level 6. HP: 24/41 MP: 1/14
  3760 | D:4      | Found a glowing silver altar of Zin.
  4426 | D:4      | Reached * piety under Sif Muna
  4426 | D:4      | Reached XP level 7. HP: 14/46 MP: 0/15
  4765 | D:4      | Found a radiant altar of Vehumet.
  4876 | D:4      | Noticed a steam dragon
  4876 | D:4      | an orc wizard changed into a steam dragon
  4888 | D:4      | Killed a steam dragon
  5616 | D:5      | Entered Level 5 of the Dungeon
  5857 | D:5      | Found a staircase to the Ecumenical Temple.
  5900 | Temple   | Entered the Ecumenical Temple
  6223 | D:5      | Reached skill level 1 in Poison Magic
  6223 | D:5      | Reached XP level 8. HP: 30/52 MP: 4/16
  6345 | D:5      | Reached ** piety under Sif Muna
  6380 | D:5      | Reached skill level 5 in Conjurations
  6496 | D:5      | Found the +7 Singing Sword
  6657 | D:5      | Found a shadowy altar of Dithmenos.
  7053 | D:5      | Found a blossoming altar of Fedhas.
  7258 | D:6      | Noticed Pikel
  7378 | D:6      | Noticed Blork the orc
  7415 | D:6      | Killed Blork the orc
  7415 | D:6      | Reached skill level 5 in Fire Magic
  7441 | D:5      | Killed Pikel
  7441 | D:5      | Reached *** piety under Sif Muna
  7441 | D:5      | Reached XP level 9. HP: 51/57 MP: 0/18
  7609 | D:6      | Noticed Grinder
  7614 | D:6      | Paralysed by Grinder for 5 turns
  7625 | D:6      | Paralysed by Grinder for 7 turns
  7635 | D:6      | Killed Grinder
  8564 | D:7      | Noticed Dowan
  8572 | D:7      | Noticed Duvessa
  8580 | D:7      | Killed Duvessa
  8593 | D:7      | Killed Dowan
  8853 | D:7      | Reached **** piety under Sif Muna
  9193 | D:7      | Found an ancient bone altar of Kikubaaqudgha.
  9362 | D:7      | Found Rouzaps's Food Shoppe.
  9419 | D:7      | Got a fine scale mail
  9430 | D:7      | Identified the +2 scale mail of Reason {-Tele +Fly SInv} (You found it on level 7 of the Dungeon)
  9618 | D:7      | Reached XP level 10. HP: 63/63 MP: 9/19
  9732 | D:7      | Found an opulent altar of Gozag.
 10643 | D:8      | Reached ***** piety under Sif Muna
 10672 | D:8      | Identified Sif Muna's Reference Book on Feathers and the Volcanoes (Sif Muna gifted it to you on level 8 of the Dungeon)
 10672 | D:8      | Received a gift from Sif Muna
 10679 | D:8      | Learned a level 2 spell: Swiftness
 10686 | D:8      | Learned a level 6 spell: Bolt of Fire
 10806 | D:8      | Noticed an ice statue
 12152 | D:8      | Killed an ice statue
 12741 | D:9      | Got a polished trident
 12742 | D:9      | Identified the cursed +2 trident "Taxzuf" {flame, rC+ rN+} (You found it on level 9 of the Dungeon)
 12853 | D:9      | Noticed Joseph
 12883 | D:9      | Reached skill level 1 in Charms
 12992 | D:9      | Killed Joseph
 13518 | D:10     | Entered Level 10 of the Dungeon
 13763 | D:10     | Found a staircase to the Orcish Mines.
 14385 | D:10     | Found a roughly hewn altar of Beogh.
 14401 | D:10     | Reached XP level 11. HP: 57/68 MP: 11/21
 14657 | D:11     | Noticed a death knight
 15064 | D:11     | Got a polished mace
 15065 | D:11     | Identified the +6 mace "Qeluwehi" {crush, rElec rC+} (You found it on level 11 of the Dungeon)
 15069 | D:11     | Found a staircase to the Lair.
 15073 | D:11     | Noticed an unseen horror
 15085 | D:11     | Killed an unseen horror
 15085 | D:11     | Identified Sif Muna's Disquisition on Ice and Hexes (Sif Muna gifted it to you on level 11 of the Dungeon)
 15085 | D:11     | Received a gift from Sif Muna
 15728 | D:11     | Killed a death knight
 16275 | Lair:1   | Entered Level 1 of the Lair of Beasts
 16350 | Lair:1   | Found a dark tunnel.
 16357 | Volcano  | Entered a volcano
 16373 | Volcano  | Noticed a centaur warrior
 16492 | Volcano  | Found a radiant altar of Vehumet.
 16493 | Volcano  | Noticed a red draconian
 16767 | Lair:1   | Noticed an eight-headed hydra
 16785 | Lair:1   | Killed an eight-headed hydra
 16785 | Lair:1   | Reached skill level 10 in Conjurations
 17712 | Lair:1   | Reached skill level 10 in Fire Magic
 18231 | Lair:1   | Learned a level 6 spell: Freezing Cloud
 18411 | Lair:2   | Noticed Urug
 18443 | Lair:2   | Killed Urug
 18443 | Lair:2   | Reached skill level 1 in Ice Magic
 19309 | Lair:2   | Noticed an oklob plant
 21070 | Lair:2   | Upgraded the game from 0.22-a0-433-gd2a9cce to 0.22-a0-443-g17c3723
 21218 | Lair:3   | Reached XP level 12. HP: 57/74 MP: 12/25
 21471 | Lair:3   | Noticed Pawles22's ghost (journeyman MiMo)
 21506 | Lair:3   | Killed Pawles22's ghost
 22350 | Lair:3   | Identified Wantari's Papyrus of Attacks (Sif Muna gifted it to you on level 3 of the Lair of Beasts)
 22350 | Lair:3   | Received a gift from Sif Muna
 22357 | Lair:3   | Learned a level 4 spell: Sticky Flame
 23186 | Lair:4   | Found a staircase to the Swamp.
 23192 | Lair:4   | Noticed Nergalle
 23207 | Lair:4   | Killed Nergalle
 23207 | Lair:4   | Reached skill level 10 in Spellcasting
 23507 | Lair:4   | Found a staircase to the Snake Pit.
 23805 | Lair:4   | Noticed a six-headed hydra
 23810 | Lair:4   | Killed a six-headed hydra
 24641 | Lair:5   | Noticed a four-headed hydra
 24657 | Lair:5   | Killed a four-headed hydra
 25081 | Lair:5   | Reached skill level 5 in Ice Magic
 25434 | Lair:5   | Gained mutation: You are in touch with the powers of death. [Mummy growth]
 25434 | Lair:5   | Reached XP level 13. HP: 76/79 MP: 7/27
 26429 | D:11     | Identified Cexiq Agh's Tome of Helpful Hexes (Sif Muna gifted it to you on level 11 of the Dungeon)
 26429 | D:11     | Received a gift from Sif Muna
 26507 | D:10     | Learned a level 3 spell: Confuse
 26508 | Orc:1    | Entered Level 1 of the Orcish Mines
 28093 | Orc:2    | Entered Level 2 of the Orcish Mines
 28093 | Orc:2    | Found Othatz's General Store.
 28408 | Orc:2    | Noticed an orc warlord
 28558 | Orc:2    | Found a roughly hewn altar of Beogh.
 29422 | Orc:2    | Killed an orc warlord
 29422 | Orc:2    | Reached skill level 1 in Hexes
 30359 | Orc:2    | Identified Kiahilor's Compendium of the Hurtful Traveller (Sif Muna gifted it to you on level 2 of the Orcish Mines)
 30359 | Orc:2    | Received a gift from Sif Muna
 31810 | Orc:2    | Found Feesined's Magic Scroll Boutique.
 31813 | Orc:2    | Found Feguoj's Gadget Shop.
 31817 | Orc:2    | Found Toffam's Assorted Antiques.
 31818 | Orc:2    | Bought a scroll of blinking for 97 gold pieces
 31823 | Orc:2    | Bought a wand of digging (21) for 650 gold pieces
 31825 | Orc:2    | Found Mozet's Book Boutique.
 32147 | Orc:2    | Reached XP level 14. HP: 54/85 MP: 12/30
 32315 | Orc:2    | Found a staircase to the Elven Halls.
 32332 | Orc:2    | Found a roughly hewn altar of Beogh.
 32631 | Orc:2    | Bought an ichor-stained lajatang for 460 gold pieces
 32631 | Orc:2    | Bought an ichor-stained chain mail for 218 gold pieces
 32641 | Orc:2    | Identified the +7 chain mail "Itoora" {*Slow MR++ Int+6} (You bought it in a shop on level 2 of the Orcish Mines)
 32651 | Orc:2    | Identified the +7 lajatang of the Known World {slice, rElec} (You bought it in a shop on level 2 of the Orcish Mines)
 32655 | Orc:2    | Upgraded the game from 0.22-a0-443-g17c3723 to 0.22-a0-445-g8c8ef71
 32677 | Orc:2    | Bought a scroll of remove curse for 39 gold pieces
 32677 | Orc:2    | Bought a scroll of remove curse for 39 gold pieces
 32677 | Orc:2    | Bought a scroll of teleportation for 39 gold pieces
 32677 | Orc:2    | Bought a scroll of teleportation for 39 gold pieces
 32677 | Orc:2    | Bought a scroll of teleportation for 39 gold pieces
 33969 | D:12     | Noticed Nessos
 33995 | D:12     | HP: 2/85 [wyvern zombie (8)]
 34598 | Lair:6   | Entered Level 6 of the Lair of Beasts
 34604 | Lair:6   | Found a staircase to the Slime Pits.
 34866 | Lair:6   | Identified Sif Muna's Incunabulum of Harmful Hexes (Sif Muna gifted it to you on level 6 of the Lair of Beasts)
 34866 | Lair:6   | Received a gift from Sif Muna
 35031 | Lair:6   | Noticed Rupert
 35154 | Lair:6   | Reached skill level 1 in Armour
 35428 | Lair:6   | Reached skill level 1 in Shields
 35943 | Lair:6   | Slain by a black mamba

Vault maps used:
D:1:      evilmike_arrival_run_for_it, st_stairs_7, minmay_shallow_snake_nest
D:2:      dancing_weapons_uskayaw, lemuel_round_altar, minmay_misc_feat_pillars,
          corexii_corridor_pit, supply_closet_lemuel
D:3:      first_ration, led_sif_pool, uniq_sigmund, uniq_ijyb
D:4:      vehumet_altar_wand_db, old_standard_altar
D:5:      old_forge, kennysheep_mini, minmay_temple_entry_grid,
          nicolae_dithmenos_through_a_glass_darkly
D:6:      grunt_ministairs_11, dk_noncrumbling_4, uniq_blork_the_orc,
          uniq_pikel, uniq_grinder
D:7:      grunt_gozag_breadcrumbs, lemuel_coloured_pillars_altar, serial_shops,
          shop, roderic_roman_lattice, uniq_duvessa
D:8:      lemuel_ice_statue
D:9:      grunt_ogre_cave, uniq_joseph
D:10:     minmay_orc_entry_temple_small, patterned_corridor
D:11:     lair_entry_dummy
D:12:     basic_altar, wad_floor_pattern_2, serial_bayou_pond_d, billiards_dpeg,
          uniq_nessos
Temple:   regret_index_temple_waves
Lair:1:   nicolae_volcano_entry_hallway, beast_lair_carwin_4, lemuel_fruit_tree,
          serial_bayou_shore_a
Lair:2:   nicolae_quartered_pool_medium, lemuel_another_geyser, uniq_urug
Lair:3:   infiniplex_staircase_pool_2
Lair:4:   swamp_mist_pool, minmay_snake_entry_guardpost_small,
          forest_entry_grove, serial_bayou_shore_b, uniq_nergalle
Lair:6:   hangedman_lair_tendril_chambers, slime_dummy, uniq_rupert
Orc:2:    st_orc_open, serial_shops, shop, basic_altar, mines2_david
Volcano:  kennysheep_volcano_temple

Skill      XL: |  1  2  3  4  5  6  7  8  9 10 11 12 13 14 |
---------------+-------------------------------------------+-----
Conjurations   | 1 2 3 4 6 8 9 10 11 12 | 12.3
Summonings     | 1 |  1.0
Translocations | 1 |  1.0
Fire Magic     | 1 2 3 5 7 9 10 11 12 | 12.1
Spellcasting   | 5 6 9 10 12 | 12.6
Air Magic      | 1 2 |  2.0
Dodging        | 2 |  2.7
Poison Magic   | 1 |  1.0
Charms         | 1 |  1.0
Ice Magic      | 2 5 6 |  6.9
Hexes          | 3 4 |  4.0
Stealth        | 2 |  2.0
Armour         | 1 |  1.2
Shields        | 1 |  1.2

Action                   |  1- 3 |  4- 6 |  7- 9 | 10-12 | 13-15 || total
-------------------------+-------+-------+-------+-------+-------++-------
Melee: Whip              |    28 |     3 |     9 |       |       ||    40
       Spear             |       |    73 |    68 |       |       ||   141
       Double sword      |       |       |    16 |       |       ||    16
       Mace              |       |       |    54 |   133 |     8 ||   195
       Trident           |       |       |       |   292 |   162 ||   454
 Fire: Blowgun           |       |       |       |     5 |       ||     5
Throw: Javelin           |       |       |       |     3 |       ||     3
       Tomahawk          |       |       |       |     2 |     1 ||     3
 Cast: Magic Dart        |    83 |   117 |   197 |   144 |    44 ||   585
       Call Imp          |     2 |    16 |     7 |    22 |       ||    47
       Mephitic Cloud    |       |     7 |    24 |    37 |    13 ||    81
       Conjure Flame     |       |     4 |    34 |   114 |    23 ||   175
       Bolt of Fire      |       |       |       |    98 |   150 ||   248
       Swiftness         |       |       |       |     2 |     3 ||     5
       Freezing Cloud    |       |       |       |     3 |    64 ||    67
       Sticky Flame      |       |       |       |    11 |    16 ||    27
       Confuse           |       |       |       |       |     2 ||     2
       Blink             |       |       |       |       |     1 ||     1
Invok: Channel Magic     |       |       |       |     3 |       ||     3
 Abil: Stop Flying       |       |       |       |     4 |       ||     4
       Evoke Flight      |       |       |       |     4 |       ||     4
Evoke: Wand              |       |       |    25 |    30 |     6 ||    61
  Use: Scroll            |       |     2 |     1 |    20 |     5 ||    28
 Stab: Confused          |       |     5 |     2 |     6 |     1 ||    14
       Sleeping          |       |       |     1 |     2 |       ||     3
       Distracted        |       |       |     1 |     1 |       ||     2
Armor: Robe              |    19 |     6 |    32 |    40 |    38 ||   135
       Scale mail        |       |       |       |    13 |       ||    13
       Leather armour    |       |       |       |     9 |       ||     9
Dodge: Dodged            |    37 |    21 |   139 |   355 |   186 ||   738
       Rpst.: Double sword |       |       |     4 |       |       ||     4

Table legend:
 A = Spawn XP
 B = Non-spawn XP
 C = Spawn XP percentage of total XP
 D = Spawn monster count
 E = Non-spawn monster count
 F = Spawn count percentage of total count
 G = Total turns spent on level
                    A         B        C        D         E        F      G
               +---------+---------+-------+---------+---------+-------+---------
         Total |       0 |   78179 |   0.0 |       0 |     591 |   0.0 | 35943
               +---------+---------+-------+---------+---------+-------+---------
           D:1 |       0 |      34 |   0.0 |       0 |      17 |   0.0 |  1391
           D:2 |       0 |      80 |   0.0 |       0 |      24 |   0.0 |  1357
           D:3 |       0 |     296 |   0.0 |       0 |      15 |   0.0 |  1007
           D:4 |       0 |     690 |   0.0 |       0 |      24 |   0.0 |  1861
           D:5 |       0 |    1615 |   0.0 |       0 |      29 |   0.0 |  1774
           D:6 |       0 |    1009 |   0.0 |       0 |      21 |   0.0 |  1013
           D:7 |       0 |    1957 |   0.0 |       0 |      31 |   0.0 |  1384
           D:8 |       0 |    2281 |   0.0 |       0 |      44 |   0.0 |  2394
           D:9 |       0 |    1629 |   0.0 |       0 |      19 |   0.0 |  1236
          D:10 |       0 |    2495 |   0.0 |       0 |      37 |   0.0 |  1898
          D:11 |       0 |    2793 |   0.0 |       0 |      18 |   0.0 |  2090
          D:12 |       0 |    2192 |   0.0 |       0 |      16 |   0.0 |   609
        Lair:1 |       0 |    3259 |   0.0 |       0 |      14 |   0.0 |  2380
        Lair:2 |       0 |    4447 |   0.0 |       0 |      23 |   0.0 |  2644
        Lair:3 |       0 |    5311 |   0.0 |       0 |      19 |   0.0 |  1472
        Lair:4 |       0 |    5710 |   0.0 |       0 |      25 |   0.0 |  1593
        Lair:5 |       0 |    9632 |   0.0 |       0 |      44 |   0.0 |  2696
        Lair:6 |       0 |    7046 |   0.0 |       0 |      33 |   0.0 |   678
         Orc:1 |       0 |    5429 |   0.0 |       0 |      54 |   0.0 |  3492
         Orc:2 |       0 |   20274 |   0.0 |       0 |      84 |   0.0 |  2702
               +---------+---------+-------+---------+---------+-------+---------
